 Dungeon Crawl Stone Soup version 0.28.0-53-g5a82cb258f (webtiles) character file.

Game seed: 2280842062322056104

3350 DildoBatman the Merchant of Misery (level 10, -8/69 (74) HPs)
             Began as a Formicid Conjurer on May 31, 2022.
             Was a Believer of Kikubaaqudgha.
             Mangled by Maggie
             ... wielding a +1 halberd of flaming
              (11 damage)
             ... on level 9 of the Dungeon.
             The game lasted 00:37:06 (11260 turns).

DildoBatman the Merchant of Misery (FoCj)          Turns: 11260, Time: 00:37:06

HP:   -8/69 (74)    AC:  8    Str: 11    XL:     10   Next: 22%
MP:   7/20          EV: 11    Int: 25    God:    Kikubaaqudgha [**....]
Gold: 477           SH:  0    Dex: 15    Spells: 17/23 levels left

rFire   + + .      SeeInvis +   a - +2 scimitar (vorpal)
rCold   + . .      Faith    +   (no shield)
rNeg    . . .      Spirit   .   O - +1 leather armour {rC+}
rPois   +          Reflect  .   (helmet unavailable)
rElec   .          Harm     .   G - +0 cloak
rCorr   .          Rampage  .   h - +0 pair of gloves
Will    +....                   K - +0 pair of boots
Stlth   ++........              g - amulet of faith
HPRegen 0.21/turn               j - ring of protection from fire
MPRegen 0.17/turn               F - +6 ring of intelligence

@: attractive, mesmerised, drained
A: permanent stasis, dig shafts and tunnels, antennae 3, four strong arms, agile
1, fire resistance 1, poison resistance
a: Dig, Shaft Self, Renounce Religion, Receive Corpses


You were on level 9 of the Dungeon.
You worshipped Kikubaaqudgha.
Kikubaaqudgha was pleased with you.
You visited 2 branches of the dungeon, and saw 10 of its levels.

You collected 477 gold pieces.

Inventory:

Hand Weapons
 a - a +2 vorpal scimitar (weapon)
 b - a +0 hunting sling
Missiles
 f - 222 stones
 o - 54 bolts
 p - 122 arrows
 t - 13 poisoned darts (quivered)
 v - a curare-tipped dart
 J - 57 sling bullets
Armour
 h - a +0 pair of gloves (worn)
 G - a +0 cloak (worn)
 K - a +0 pair of boots (worn)
 O - a +1 leather armour of cold resistance (worn)
 Q - a +0 tower shield
Magical Staves
 c - a staff of air
 L - a staff of cold
Jewellery
 g - an amulet of faith (around neck)
 j - a ring of protection from fire (left hand)
 m - a ring of poison resistance
 D - a ring of protection from cold
 E - a ring of resist corrosion
 F - a +6 ring of intelligence (right hand)
 H - a ring of positive energy
 I - a ring of flight
Wands
 y - a wand of flame (36)
 A - a wand of paralysis (6)
 C - a wand of polymorph (14)
 N - a wand of digging (4)
Scrolls
 e - a scroll of noise {unknown}
 l - 2 scrolls of magic mapping {unknown}
 u - 2 scrolls of immolation {unknown}
 x - a scroll of enchant armour {unknown}
 z - 3 scrolls of identify
 B - a scroll of fear {unknown}
 M - a scroll of fog {unknown}
 P - a scroll of amnesia {unknown}
Potions
 d - a potion of lignification {unknown}
 n - a potion of berserk rage {unknown}
 q - a potion of might {unknown}
 r - a potion of heal wounds {unknown}
 s - 2 potions of brilliance
 w - a potion of resistance {unknown}
 R - a potion of attraction


   Skills:
 - Level 5.0 Fighting
 - Level 5.0 Armour
 - Level 1.7 Dodging
 - Level 2.4 Stealth
 * Level 2.4 Shields
 - Level 7.0 Spellcasting
 - Level 6.0 Conjurations
 * Level 8.3 Necromancy


You had 17 spell levels left.
You knew the following spells:

 Your Spells              Type           Power      Damage    Failure   Level
a - Searing Ray           Conj           76%        2d7       1%          2
c - Magic Dart            Conj           100%       1d8       1%          1
d - Vampiric Draining     Necr           50%        2d9       1%          3

Your spell library contained the following spells:

 Spells                   Type           Power      Damage    Failure   Level
 Animate Skeleton         Necr           100%       N/A       1%          1
 Pain                     Necr           100%       1d9       1%          1
 Shock                    Conj/Air       92%        1d8       2%          1
 Corpse Rot               Necr/Air       58%        N/A       2%          2
 Dazzling Flash           Conj/Hex       46%        N/A       8%          3
 Agony                    Necr           50%        N/A       8%          5
 Apportation              Tloc           16%        N/A       9%          1
 Summon Small Mammal      Summ           32%        N/A       9%          1
 Ensorcelled Hibernation  Hex/Ice        16%        N/A       13%         2
 Scorch                   Fire           16%        2d5       13%         2
 Anguish                  Hex/Necr       14%        N/A       16%         4
 Flame Wave               Conj/Fire      23%        2d7       24%         4
 Fulminant Prism          Conj/Hex       11%        3d9       24%         4
 Iskenderun's Mystic Bla  Conj/Tloc      23%        2d6       24%         4
 Spider Form              Tmut/Pois      8%         N/A       26%         3
 Airstrike                Air            4%         N/A       63%         4
 Manifold Assault         Tloc           8%         N/A       93%         5
 Summon Cactus Giant      Summ           4%         N/A       100%        6
 Storm Form               Tmut/Air       4%         N/A       100%        7
 Blink                    Tloc           Unusable   N/A       N/A         2
 Swiftness                Air            Unusable   N/A       N/A         3

Dungeon Overview and Level Annotations

Branches:
Dungeon (9/15)             Temple (1/1) D:6            Lair (0/6) D:9
    Orc: D:9-12

Altars:
Ashenzari
Cheibriados
Dithmenos
Elyvilon
Fedhas
Gozag
Hepliaklqana
Kikubaaqudgha
Makhleb
Nemelex Xobeh
Okawaru
Qazlal
Ru
Sif Muna
Trog
Uskayaw
Vehumet
Wu Jian
Xom
Yredelemnul
Zin
The Shining One

Shops:
D:4 [

Annotations:
D:6 exclusion: sensed monster (detected)
D:9 Harold, Joseph, Maggie, Maurice


Innate Abilities, Weirdness & Mutations

You cannot be hasted, slowed, berserked, paralysed or teleported.
You can dig through walls and to a lower floor.
You have a pair of large antennae on your head. (SInv)
Your four strong arms can wield two-handed weapons with a shield.
You are agile. (Dex +2)
Your flesh is heat resistant. (rF+)
Your system is resistant to poisons. (rPois)


Message History

Aiming: Vampiric Draining (safe; 1% risk of failure)
Press: ? - help, Shift-Dir - straight line, f/p - Maggie
Aim: Maggie, wielding a +1 halberd of flaming and wearing +0 acid dragon scales (lightly wounded, mesmerising)
You draw life force from Maggie!
You feel life coursing into your body. Maggie gestures at you while chanting.
The bolt of fire hits you! You resist.
Casting: Vampiric Draining (safe; 1% risk of failure)
Confirm with . or Enter, or press ? or * to list all spells.
Aiming: Vampiric Draining (safe; 1% risk of failure)
Press: ? - help, Shift-Dir - straight line, f/p - Maggie
Aim: Maggie, wielding a +1 halberd of flaming and wearing +0 acid dragon scales (moderately wounded, mesmerising)
You draw life force from Maggie!
You feel life coursing into your body.
Maggie hits you with a +1 halberd of flaming!
Maggie burns you.
It was a potion of attraction.
You feel attractive to monsters.
Maggie hits you with a +1 halberd of flaming!
Maggie burns you.
You feel better.
Maggie hits you with a +1 halberd of flaming.
You feel better.
Maggie hits you with a +1 halberd of flaming.
Aiming: Paralyse
Press: ? - help, Shift-Dir - straight line, f/p - Maggie
Aim: Maggie, wielding a +1 halberd of flaming and wearing +0 acid dragon scales (moderately wounded, mesmerising, chance to affect: 49%) Maggie resists with some effort.
Maggie gestures at you while chanting. The bolt of fire hits you. You resist.
Okay, then.
Aiming: Paralyse
Press: ? - help, Shift-Dir - straight line, f/p - Maggie
Aim: Maggie, wielding a +1 halberd of flaming and wearing +0 acid dragon scales (moderately wounded, mesmerising, chance to affect: 49%) Maggie resists with some effort.
Maggie hits you with a +1 halberd of flaming!
You die...
Kikubaaqudgha rasps: "You have failed me!
Welcome... death!"

#.#.# #.#.#
..... #.#.#
...... #.#.#
.....# #.#.#
....#
#.#.###.@.##
#....@......
###..#.#.###
#@#{......#
##@#.#.#..#
. ####.....#
. ##.####
##. #.# .[.
#.## #..
#..# #.#
#..# #.#
#..# #.#


You could see Maggie (mesmerising).

Vanquished Creatures
  Sigmund (D:2)
  3 wyverns
  2 water moccasins
  2 orc warriors
  A sky beast (D:6)
  An ice beast (D:5)
  A necrophage (D:6)
  4 ogres
  A centaur (D:8)
  A phantom (D:6)
  2 kobold brigands (D:8)
  3 bullfrogs
  A wyvern zombie (D:6)
  2 scorpions
  3 killer bees (D:8)
  A bullfrog zombie (D:6)
  2 jellies
  2 hounds
  A bullfrog skeleton (D:4)
  An orc priest (D:8)
  A centaur skeleton (D:5)
  Ijyb (D:5)
  Natasha (thrice) (D:1)
  5 iguanas
  7 orc wizards
  A scorpion zombie (D:5)
  Terence (D:2)
  A killer bee zombie (D:8)
  A howler monkey zombie (D:9)
  3 adders
  6 gnolls (D:6)
  2 white imps
  An ufetubus (D:4)
  An adder skeleton (D:4)
  2 dart slugs
  22 orcs
  5 ball pythons
  4 bats
  7 endoplasms
  2 giant cockroaches
  2 goblins (D:3)
  5 hobgoblins
  8 jackals
  17 kobolds
  6 quokkas
  2 frilled lizards
  7 rats
158 creatures vanquished.

Notes
Turn   | Place    | Note
-------+----------+-------------------------------------------
     0 | D:1      | DildoBatman the Formicid Conjurer began the quest for the
                  | Orb.
     0 | D:1      | Reached XP level 1. HP: 13/13 MP: 3/3
   146 | D:1      | Reached XP level 2. HP: 12/19 MP: 1/5
   149 | D:1      | Learned a level 2 spell: Searing Ray
   669 | D:2      | Reached XP level 3. HP: 13/24 MP: 1/6
   787 | D:2      | Found a faded altar of an unknown god.
   881 | D:2      | Got Plato's Disquisition on Darkness
   887 | D:2      | Noticed Terence
   895 | D:2      | Noticed Natasha
   954 | D:2      | Noticed Sigmund
  1662 | D:3      | Reached XP level 4. HP: 23/30 MP: 1/7
  1735 | D:3      | Reached skill level 5 in Conjurations
  2156 | D:3      | Noticed an orc warrior
  2809 | D:3      | Reached XP level 5. HP: 28/36 MP: 2/8
  2879 | D:4      | Reached skill level 1 in Fighting
  2879 | D:4      | Reached skill level 1 in Armour
  3100 | D:4      | Found Romiajex's Armour Shop.
  3121 | D:4      | Reached XP level 6. HP: 44/44 MP: 4/10
  3205 | D:4      | Found a hazy altar of Hepliaklqana.
  3259 | D:4      | Found a large runed translucent door.
  3259 | D:4      | Found a large runed translucent door.
  3263 | D:4      | Noticed a water moccasin
  3269 | D:4      | Found a large runed translucent door.
  3269 | D:4      | Found a large runed translucent door.
  4703 | D:5      | Entered Level 5 of the Dungeon
  4741 | D:5      | Noticed Ijyb
  4887 | D:5      | Noticed an ice beast
  4895 | D:5      | Killed an ice beast
  4973 | D:5      | Reached XP level 7. HP: 44/50 MP: 4/12
  5897 | D:6      | Reached skill level 5 in Spellcasting
  5998 | D:6      | Found a staircase to the Ecumenical Temple.
  6009 | Temple   | Entered the Ecumenical Temple
  6131 | Temple   | Became a worshipper of Kikubaaqudgha
  6201 | D:5      | Reached XP level 8. HP: 56/56 MP: 7/17
  6324 | D:5      | Killed Ijyb
  6842 | D:3      | Reached * piety under Kikubaaqudgha
  6842 | D:3      | Received a gift from Kikubaaqudgha
  6946 | D:2      | You fall into a shaft and drop 1 floor!
  7340 | D:2      | Killed Terence
  7417 | D:1      | Killed Natasha
  7529 | D:1      | Noticed Natasha
  7532 | D:1      | Killed Natasha
  7593 | D:1      | Noticed Natasha
  7597 | D:1      | Killed Natasha
  7638 | D:2      | Killed Sigmund
  7639 | D:2      | Reached XP level 9. HP: 41/66 MP: 0/19
  7793 | D:2      | Reached skill level 5 in Fighting
  7793 | D:2      | Reached skill level 5 in Armour
  8821 | D:4      | Reached skill level 2 in Necromancy
  9180 | D:6      | Reached skill level 3 in Necromancy
  9214 | D:6      | Reached skill level 4 in Necromancy
  9313 | D:6      | Gained mutation: You have hidden genetic defects. [potion
                  | of mutation]
  9314 | D:6      | Lost mutation: You have hidden genetic defects. [potion of
                  | mutation]
  9314 | D:6      | Gained mutation: You have sharp fingernails. [potion of
                  | mutation]
  9314 | D:6      | Gained mutation: Your skin changes colour to match your
                  | surroundings (Stealth+). [potion of mutation]
  9315 | D:6      | Lost mutation: You have sharp fingernails. [potion of
                  | mutation]
  9315 | D:6      | Lost mutation: Your skin changes colour to match your
                  | surroundings (Stealth+). [potion of mutation]
  9315 | D:6      | Gained mutation: You are agile. (Dex +2) [potion of
                  | mutation]
  9315 | D:6      | Gained mutation: Your system is resistant to poisons.
                  | (rPois) [potion of mutation]
  9316 | D:6      | Lost mutation: Your system is resistant to poisons. (rPois)
                  | [potion of mutation]
  9316 | D:6      | Lost mutation: You are agile. (Dex +2) [potion of mutation]
  9316 | D:6      | Gained mutation: You are agile. (Dex +2) [potion of
                  | mutation]
  9316 | D:6      | Gained mutation: Your system is resistant to poisons.
                  | (rPois) [potion of mutation]
  9316 | D:6      | Gained mutation: Your flesh is heat resistant. (rF+)
                  | [potion of mutation]
  9409 | D:7      | Reached skill level 5 in Necromancy
  9416 | D:7      | Learned a level 3 spell: Vampiric Draining
  9676 | D:7      | Noticed a four-headed hydra
 10118 | D:8      | Reached skill level 6 in Necromancy
 10209 | D:8      | Reached ** piety under Kikubaaqudgha
 10310 | D:8      | Reached skill level 7 in Necromancy
 10310 | D:8      | Reached XP level 10. HP: 46/74 MP: 9/20
 10955 | D:9      | Found a staircase to the Lair.
 10999 | D:9      | Reached skill level 8 in Necromancy
 11042 | D:9      | Noticed Maurice
 11053 | D:9      | Noticed Harold
 11058 | D:9      | Reached skill level 1 in Shields
 11240 | D:9      | Noticed Maggie
 11243 | D:9      | Noticed Joseph
 11256 | D:9      | HP: 2/69 [Maggie/+1 halberd of flaming (12)]
 11260 | D:9      | Mangled by Maggie

Illustrated notes

Levels and vault maps discovered:
D:1:      psy_arrival_dodecagon, layout_basic
D:2:      layout_rooms, shapermc_ecumenical_altar_rom_forum, uniq_natasha,
          uniq_terence, uniq_sigmund
D:3:      minmay_spotlight, layout_basic, hangedman_decor_clover_reticule
D:4:      layout_basic, kennysheep_little_box, serial_shops, shop,
          minmay_hollow_rounded_squares
D:5:      layout_cave_pools, hangedman_decor_growths,
          kennysheep_generic_room_13, uniq_ijyb
D:6:      layout_rooms, minmay_temple_entry_water_ring
D:7:      layout_cave_pools
D:8:      layout_rooms, serial_curves, eino_curves_04, eino_curves_04,
          chequers_serial_rivers_small_a
D:9:      layout_loops_ring, lair_entry_dummy, david_orc_2, uniq_maggie,
          uniq_harold, uniq_maurice, uniq_joseph
Temple:   compressed_dpeg_triangle_lava_temple

Skill      XL: |  1  2  3  4  5  6  7  8  9 10 |
---------------+-------------------------------+-----
Conjurations   | 4 5 6 |  6.0
Fighting       | 1 2 4 5 |  5.0
Armour         | 1 2 4 5 |  5.0
Spellcasting   | 3 6 7 |  7.0
Necromancy     | 7 8 |  8.3
Shields        | 2 |  2.4
Dodging        | |  1.7
Stealth        | |  2.4

Action                   |  1- 3 |  4- 6 |  7- 9 | 10-12 || total
-------------------------+-------+-------+-------+-------++-------
Melee: Spear             |    28 |    18 |       |       ||    46
       Falchion          |       |     3 |    10 |       ||    13
       Scimitar          |       |       |     3 |     2 ||     5
 Fire: Hunting sling     |       |       |    42 |     9 ||    51
Throw: Dart              |       |       |     5 |       ||     5
 Cast: Magic Dart        |    50 |    30 |    46 |     5 ||   131
       Searing Ray       |     2 |    17 |    60 |     8 ||    87
       Vampiric Draining |       |       |       |     3 ||     3
 Abil: Dig               |     1 |       |     5 |     2 ||     8
       Shaft Self        |       |       |     1 |       ||     1
Evoke: Wand              |       |       |       |     3 ||     3
  Use: Scroll            |       |       |     7 |     1 ||     8
       Potion            |       |       |     4 |     3 ||     7
 Stab: Sleeping          |     3 |     1 |     2 |       ||     6
Armor: Robe              |     7 |     5 |    11 |       ||    23
       Leather armour    |       |       |     8 |     5 ||    13
Dodge: Dodged            |    20 |    31 |    54 |     9 ||   114
